Map: Prion Terraces

Players

Padula - Winner!

  • Race: Terran Terran
  • League: Platinum

LilDicky

  • Race: Terran Terran
  • League: Diamond

VOD

http://www.twitch.tv/tumescentpie

Description

Time

  • Played on: Nov. 27, 2015, 11:59 a.m.
  • Length: 4:40
Show
View Real Time Build Order
Export as new Build Order

Padula Terran - Winner!

Build Orders:  

Get SALT Encoding   

  12  0:01  SCV  
  13  0:13  SCV  
  14  0:21  Supply Depot  
  14  0:25  SCV  
  15  0:43  SCV, Barracks  
  16  0:55  SCV  
  17  1:07  SCV  
  18  1:15  Command Center  
  18  1:23  SCV  
  19  1:30  Marine  
  20  1:35  Orbital Command  
  20  1:48  Barracks, Marine  
  21  2:00  SCV, Barracks  
  22  2:04  Refinery  
  22  2:06  Marine  
  23  2:25  Refinery  
  23  2:26  SCV  
  23  2:29  Marine  
  25  2:33  Orbital Command  
  25  2:36  Marine  
  26  2:39  SCV  
  27  2:49  Marine  
  28  2:55  SCV  
  28  2:56  Barracks Reactor  
  29  3:00  SCV  
  29  3:04  Refinery, Marine  
  31  3:08  Barracks Reactor  
  31  3:15  SCV x2  
  31  3:18  Supply Depot  
  31  3:19  Supply Depot  
  33  3:23  Barracks Tech Lab  
  33  3:26  Factory  
  33  3:30  SCV  
  33  3:31  SCV  
  33  3:32  Marine  
  33  3:33  Marine  
  37  3:43  Supply Depot  
  37  3:45  Marine x2  
  39  3:52  Marine x2  
  39  3:53  Marine  
  42  4:03  Marine  
  43  4:13  Marine x2  
  43  4:14  Marine x2  
Show
View Real Time Build Order
Export as new Build Order

LilDicky Terran 

Build Orders:  

Get SALT Encoding   

  12  0:01  SCV  
  13  0:13  SCV  
  14  0:18  Supply Depot  
  14  0:25  SCV  
  15  0:32  Refinery  
  15  0:44  Barracks  
  15  0:46  SCV  
  16  0:58  SCV  
  17  1:10  SCV  
  18  1:17  Refinery  
  18  1:22  SCV  
  19  1:31  Marine  
  19  1:32  Supply Depot  
  20  1:34  Orbital Command  
  20  1:46  Factory  
  20  1:56  Marine  
  21  2:04  SCV  
  22  2:14  Marine  
  23  2:16  SCV  
  24  2:28  SCV  
  25  2:32  Marine  
  25  2:33  Factory Tech Lab  
  25  2:34  Armory  
  26  2:40  SCV  
  26  2:42  Supply Depot  
  27  2:45  Supply Depot  
  27  2:50  Marine  
  28  2:53  SCV  
  30  3:05  SCV  
  30  3:07  Marine  
  31  3:20  Thor  
  37  3:37  Marine  
  37  3:40  SCV  
  39  3:54  Command Center  
Tags
 
Add a new tag
Caveats
  • Supply blocks, unpowered buildings, or Contaminate may cause inaccurate times.
  • Supply counts are checked every 10 seconds.